 Dungeon Crawl Stone Soup version 0.29-a0-384-g6960b1960d (webtiles) character file.

Game seed: 17731663037602307932

1452 Hubjo the Firebug (level 8, 0/48 HPs)
             Began as a Deep Elf Fire Elementalist on May 6, 2022.
             Slain by an unseen horror (1 damage)
             ... on level 6 of the Dungeon.
             The game lasted 00:11:27 (6634 turns).

Hubjo the Firebug (Deep Elf Fire Elementalist)      Turns: 6634, Time: 00:11:28

Health: 0/48       AC:  2    Str:  5    XL:     8   Next: 47%
Magic:  4/19       EV: 17    Int: 27    God:
Gold:   247        SH:  0    Dex: 17    Spells: 14/20 levels left

rFire   . . .      SeeInvis .   k - +2 short sword (protect)
rCold   . . .      Faith    .   (no shield)
rNeg    . . .      Spirit   .   a - +0 robe
rPois   .          Reflect  .   (no helmet)
rElec   .          Harm     .   (no cloak)
rCorr   .          Rampage  .   (no gloves)
Will    .....                   (no boots)
Stlth   +++.......              (no amulet)
HPRegen 0.16/turn               c - +4 ring of evasion
MPRegen 0.16/turn               n - +6 ring of intelligence

@: no status effects
A: no striking features
a: no special abilities


You were on level 6 of the Dungeon.
You visited 1 branch of the dungeon, and saw 6 of its levels.

You collected 247 gold pieces.

Inventory:

Hand Weapons
 k - a +2 short sword of protection (weapon)
 m - a +3 falchion
Armour
 a - a +0 robe (worn)
 j - a +0 cloak
Jewellery
 c - a +4 ring of evasion (left hand)
 n - a +6 ring of intelligence (right hand)
Wands
 l - a wand of iceblast (1)
 o - a wand of flame (16)
 p - a wand of paralysis (6)
Scrolls
 e - 2 scrolls of vulnerability
 g - a scroll of identify
 h - a scroll of fog
 i - a scroll of magic mapping
Potions
 b - a potion of magic
 d - 2 potions of brilliance {unknown}
 q - a potion of lignification {unknown}
 r - a potion of resistance {unknown}


   Skills:
 + Level 3.8 Fighting
 - Level 2.4 Dodging
 + Level 6.1 Stealth
 + Level 6.5 Spellcasting
 - Level 1.1 Conjurations
 * Level 4.3 Summonings
 + Level 6.9 Fire Magic


You had 14 spell levels left.
You knew the following spells:

 Your Spells              Type           Power      Damage    Failure   Level
a - Foxfire               Conj/Fire      100%       2x1d9     1%          1
b - Summon Small Mammal   Summ           100%       N/A       1%          1
c - Flame Wave            Conj/Fire      30%        2d8       12%         4

Your spell library contained the following spells:

 Spells                   Type           Power      Damage    Failure   Level
 Scorch                   Fire           92%        2d10      1%          2
 Call Canine Familiar     Summ           32%        N/A       3%          3
 Conjure Flame            Conj/Fire      30%        6-21      3%          3
 Inner Flame              Hex/Fire       27%        N/A       4%          3
 Ignite Poison            Fire/Tmut/Pois 21%        N/A       7%          3
 Summon Guardian Golem    Hex/Summ       20%        N/A       8%          3
 Mephitic Cloud           Conj/Pois/Air  10%        N/A       16%         3
 Gell's Gravitas          Tloc           8%         N/A       19%         3
 Lesser Beckoning         Tloc           8%         N/A       19%         3
 Teleport Other           Tloc           8%         N/A       19%         3
 Freezing Cloud           Conj/Ice/Air   5%         6-21      83%         5
 Simulacrum               Ice/Necr       4%         N/A       100%        6
 Polar Vortex             Ice            4%         N/A       100%        9


Dungeon Overview and Level Annotations

Branches:
Dungeon (6/15)
 Temple: D:4-7

Altars:
Dithmenos
Hepliaklqana
Qazlal

Shops:
D:1 (


Message History

You can't see any susceptible monsters within range! (Use Z to cast anyway.)
Casting: Summon Small Mammal (safe; 1% risk of failure)
Confirm with . or Enter, or press ? or * to list all spells.
The spell is quite dangerous to miscast (12% risk of failure)!
Continue anyway?
Casting: Flame Wave (quite dangerous; 12% risk of failure)
Press: ? - help, Dir - look around, f - activate A wave of flame ripples out! (Press . to intensify the flame waves.)
Something barely misses you. Really fire at your quokka?
A wave of flame ripples out!
The flame wave engulfs your quokka!
You kill your quokka!
Your quokka's corpse disappears in a puff of smoke!
The flame wave engulfs something.
Something closely misses you.
A wave of flame ripples out!
The flame wave engulfs something.
You finish channelling waves of flame.
You hear a shout!
Something hits you but does no damage. Something hits you.
* * * LOW HITPOINT WARNING * * *
Something hits you.
* * * LOW HITPOINT WARNING * * *
Casting: Flame Wave (quite dangerous; 12% risk of failure)
Confirm with . or Enter, or press ? or * to list all spells.
You can't see any susceptible monsters within range! (Use Z to cast anyway.)
Casting: Flame Wave (quite dangerous; 12% risk of failure)
Confirm with . or Enter, or press ? or * to list all spells.
The spell is quite dangerous to miscast (12% risk of failure)!
Continue anyway?
Casting: Flame Wave (quite dangerous; 12% risk of failure)
Press: ? - help, Dir - look around, f - activate A wave of flame ripples out!
The flame wave engulfs something. (Press . to intensify the flame waves.)
Something hits you but does no damage.
A wave of flame ripples out!
Something hits you.
* * * LOW HITPOINT WARNING * * *
A wave of flame ripples out!
The flame wave engulfs something!
You finish channelling waves of flame.
Something hits you.
* * * LOW HITPOINT WARNING * * *
Something hits you.
You die...

############...
#..........#..#
#.######.###...
#.#...##.# #...
#.#...##.###...
.#+#####.#...##...(...
.........+...######...
##.#####.#)..#######.. .
# #.@................
....#.#.###.#..#########.
...........>.............
......#†#.####.##.##.##..
....###.#.# ... .......
### ..... ...........
#...##( .......... .###.
#. ..#.#####. .. . .# #.


There were no monsters in sight!

Vanquished Creatures
  A wyvern (D:6)
  A black bear (D:4)
  2 ogres (D:5)
  3 centaurs
  A phantom (D:6)
  A necrophage (D:6)
  A scorpion (D:5)
  5 wights (D:4)
  An orc priest (D:5)
  A hound (D:5)
  2 iguanas (D:5)
  2 orc wizards (D:5)
  Terence (D:2)
  8 adders
  2 white imps (D:5)
  A worm (D:3)
  A dart slug (D:1)
  4 orcs
  4 endoplasms
  4 giant cockroaches
  8 goblins
  3 hobgoblins
  3 jackals (D:2)
  4 kobolds
  5 quokkas
  7 ball pythons
  5 bats
  2 frilled lizards
  5 rats
88 creatures vanquished.

Vanquished Creatures (collateral kills)
  A foxfire (D:2)
1 creature vanquished.

Vanquished Creatures (others)
  497 foxfires
  A plant (D:2)
498 creatures vanquished.

Grand Total: 587 creatures vanquished

Notes
Turn   | Place    | Note
-------+----------+-------------------------------------------
     0 | D:1      | Hubjo the Deep Elf Fire Elementalist began the quest for
                  | the Orb.
     0 | D:1      | Reached XP level 1. HP: 10/10 MP: 6/6
    63 | D:1      | Found Emmehy's Weapon Boutique.
   327 | D:1      | Reached XP level 2. HP: 16/16 MP: 4/8
  1022 | D:1      | Reached skill level 1 in Fighting
  1657 | D:2      | Reached XP level 3. HP: 20/20 MP: 0/9
  1985 | D:2      | Noticed Terence
  2007 | D:2      | Killed Terence
  2008 | D:2      | Reached XP level 4. HP: 8/26 MP: 2/11
  3664 | D:3      | Learned a level 1 spell: Summon Small Mammal
  3974 | D:4      | Found a stormy altar of Qazlal.
  4147 | D:4      | Reached XP level 5. HP: 30/30 MP: 10/13
  4222 | D:4      | Reached skill level 1 in Summonings
  4227 | D:4      | Reached XP level 6. HP: 6/36 MP: 0/14
  4241 | D:4      | Reached skill level 5 in Fire Magic
  4767 | D:4      | Reached skill level 5 in Spellcasting
  5094 | D:5      | Entered Level 5 of the Dungeon
  5115 | D:5      | Noticed a shadow
  5116 | D:5      | Found a shadowy altar of Dithmenos.
  5117 | D:5      | Found a hazy altar of Hepliaklqana.
  5188 | D:5      | Reached XP level 7. HP: 40/40 MP: 11/16
  5406 | D:5      | Reached skill level 5 in Stealth
  6032 | D:5      | Reached XP level 8. HP: 46/46 MP: 14/18
  6037 | D:5      | Learned a level 4 spell: Flame Wave
  6634 | D:6      | HP: 1/48 [something (6)]
  6634 | D:6      | Slain by an unseen horror

Illustrated notes

Levels and vault maps discovered:
D:1:      minmay_arrival_jagged, layout_basic, serial_shops,
          nicolae_shop_bloodbath_and_beyond
D:2:      layout_rooms, serial_bayou_pond_b, uniq_terence
D:3:      layout_loops_ring, st_stairs_6
D:4:      layout_basic, mainiacjoe_overflow_boulevard
D:5:      layout_loops_ring, riverfiend_overflow_shadow_ancestor,
          roderic_serpentine_path, minmay_misc_feat_cross
D:6:      nicolae_cairo_tiling, layout_basic, portal_sewer_entry_b

Skill      XL: |  1  2  3  4  5  6  7  8 |
---------------+-------------------------+-----
Fighting       | 1 2 3 |  3.8
Stealth        | 3 4 5 6 |  6.1
Spellcasting   | 4 5 6 |  6.5
Fire Magic     | 4 5 6 |  6.9
Summonings     | 1 2 3 4 |  4.3
Dodging        | |  2.4
Conjurations   | |  1.1

Action                   |  1- 3 |  4- 6 |  7- 9 || total
-------------------------+-------+-------+-------++-------
Melee: Unarmed           |     7 |     1 |       ||     8
       Short sword       |       |     1 |    19 ||    20
       Punch             |       |       |     2 ||     2
 Cast: Foxfire           |    90 |   139 |    94 ||   323
       Flame Wave        |       |       |     2 ||     2
       Summon Small Mamm |       |       |     1 ||     1
Evoke: Wand              |       |     4 |       ||     4
  Use: Scroll            |     2 |     3 |       ||     5
       Potion            |       |       |     3 ||     3
 Stab: Sleeping          |       |       |     1 ||     1
Armor: Robe              |     6 |       |     8 ||    14
Dodge: Dodged            |    21 |    14 |    49 ||    84

Table legend: (Time is in decaauts)
 A = Elapsed time spent in this place.
 B = Non-inter-level travel time spent in this place.
 C = Inter-level travel time spent in this place.
 D = Time resting spent in this place.
 E = Time spent auto-exploring this place.
 F = Levels seen in this place.
 G = Mean time per level.
                   A        B        C        D        E       F      G
               +--------+--------+--------+--------+--------+-----+--------+
         Total |   6635 |   6512 |    123 |    335 |   5311 |   6 | 1105.8 |
       Dungeon |   6635 |   6512 |    123 |    335 |   5311 |   6 | 1105.8 |
               +--------+--------+--------+--------+--------+-----+--------+

Top non-repeatable levels by time:
     D:1: 1489 daAuts
     D:2: 1341 daAuts
     D:5: 1263 daAuts
     D:4: 1136 daAuts
     D:3: 1127 daAuts
     D:6: 277 daAuts
